 Dungeon Crawl Stone Soup version 0.25-a0-523-g9afb2ee040 (webtiles) character file.

Game seed: 14844362416346587172, levelgen mode: classic

2 EnegeticOcto the Shield-Bearer (level 1, -7/20 HPs)
             Began as a Deep Dwarf Fighter on Feb 18, 2020.
             Mangled by Sigmund
             ... wielding a +0 scythe
              (11 damage)
             ... on level 2 of the Dungeon.
             The game lasted 00:00:06 (49 turns).

EnegeticOcto the Shield-Bearer (Deep Dwarf Fighter)   Turns: 49, Time: 00:00:07

Health: -7/20      AC:  6    Str: 19    XL:     1   Next: 33%
Magic:  1/1        EV:  7    Int:  8    God:
Gold:   17         SH:  9    Dex: 12    Spells: 0/0 levels left

rFire    . . .     SeeInvis .   a - +0 war axe
rCold    . . .     Gourm    .   c - +0 kite shield
rNeg     . . .     Faith    .   b - +0 scale mail
rPois    .         Spirit   .   (no helmet)
rElec    .         Reflect  .   (no cloak)
rCorr    .         Harm     .   (no gloves)
MR       .....                  (no boots)
Stlth    ..........             (no amulet)
HPRegen  0.00/turn              (no ring)
MPRegen  0.07/turn              (no ring)

@: non-regenerating
A: damage resistance, heal wounds, sense surroundings 1, no regeneration
a: Heal Wounds


You were on level 2 of the Dungeon.
You were not hungry.

You visited 1 branch of the dungeon, and saw 2 of its levels.

You collected 17 gold pieces.

Inventory:

Hand Weapons
 a - a +0 war axe (weapon)
Armour
 b - a +0 scale mail (worn)
 c - a +0 kite shield (worn)
Potions
 k - 3 potions of might {@q3}
Comestibles
 d - a chunk of flesh
 e - a ration


   Skills:
 * Level 2.7 Fighting
 * Level 2.2 Axes
 + Level 3.3 Armour
 + Level 0.0 Dodging
 + Level 3.3 Shields


You couldn't memorise any spells.
You didn't know any spells.
Your spell library was empty.

Dungeon Overview and Level Annotations

Branches:
Dungeon (2/15)

Altars:

Annotations:
D:2 Sigmund


Innate Abilities, Weirdness & Mutations

You are resistant to damage.
You can heal yourself by infusing magical energy.
You passively map a small area around you.
You do not regenerate.


Message History

k - a potion of might;
e - a ration Warning: Delay interrupt name "very hungry" not recognised. (~/.crawlrc:40) Welcome, EnegeticOcto the Deep Dwarf Fighter.
Will you be the one to retrieve the fabled Orb of Zot from the depths?
Press ? for a list of commands and other information.
Found a staircase leading out of the dungeon.
A hobgoblin comes into view. It is wielding a +0 club.
The hobgoblin shouts!
Found 2 potions of might.
A hobgoblin is nearby!
A hobgoblin is nearby!
A goblin comes into view.
You hit the hobgoblin but do no damage. You block the hobgoblin's attack.
The hobgoblin barely misses you.
Your shield and scale mail prevent you from hitting the hobgoblin.
The hobgoblin closely misses you.
You hit the hobgoblin.
The hobgoblin is heavily wounded.
The hobgoblin hits you but does no damage.
You slash the hobgoblin!
You kill the hobgoblin!
You hit the goblin. The goblin hits you. You block the goblin's attack.
You hit the goblin.
The goblin is severely wounded.
The goblin barely misses you.
You closely miss the goblin.
The goblin is severely wounded.
You block the goblin's attack. The goblin hits you.
You barely miss the goblin.
The goblin is severely wounded.
The goblin barely misses you.
A goblin is nearby!
A goblin is nearby!
You closely miss the goblin.
The goblin is severely wounded.
The goblin hits you but does no damage. The goblin closely misses you.
You barely miss the goblin.
The goblin is severely wounded.
The goblin hits you.
You slash the goblin!
You kill the goblin!
No target in view!
You butcher the goblin corpse.
d - a chunk of flesh You see here a goblin skeleton. x2
Found a stone staircase leading down.
Found a stone staircase leading down.
No target in view!
No target in view!
No target in view!
No target in view!
No target in view!
k - 3 potions of might {@q3} (gained 2)
(D) Dungeon
Where to? (? - help)
There is a stone staircase leading down here.
You climb downwards.
Found 17 gold pieces.
Found an escape hatch in the ceiling.
There is a stone staircase leading up here.
You now have 17 gold pieces.
Found a stone staircase leading up.
Sigmund the Dreaded comes into view.
He is wielding a +0 scythe.
Sigmund shouts!
Sigmund casts a spell.
Sigmund flickers and vanishes!
Deactivating autopickup; reactivate with Ctrl-A.
Found 14 gold pieces.
There is a strange disturbance nearby!
No target in view!
No target in view!
No target in view!
No target in view!
No target in view!
No target in view!
No target in view!
No target in view!
No target in view!
You swing at nothing.
A magic dart appears from out of thin air!
The magic dart hits you.
You swing at nothing.
Something completely misses you.
You swing at nothing.
You hear some strange, mumbled words.
A puff of flame appears from out of thin air!
The puff of flame hits you.
You swing at nothing.
Something hits you.
You swing at nothing.
Something hits you but does no damage.
You swing at nothing.
Something hits you.
You swing at nothing.
Something hits you.
* * * LOW HITPOINT WARNING * * *
You swing at nothing.
Something hits you!
Ouch! That really hurt!
You die...

, , * , ,..$.# .,
..#.# ..#####.#.#
** ....#.#.######
,.$....... ..# , ,
*#.....# ##.##
#.##.....#<#...#
#...{.@..#.#...##
###.#...........#
......##.####<..###
###...........<...#
#.####.#..#####.#
#. ......# *
#*#.###.#.# ** #
...#.. ,,, ########
*


There were no monsters in sight!

Vanquished Creatures
  A goblin (D:1)
  A hobgoblin (D:1)
2 creatures vanquished.

Notes
Turn   | Place    | Note
-------+----------+-------------------------------------------
     0 | D:1      | EnegeticOcto the Deep Dwarf Fighter began the quest for the
                  | Orb.
     0 | D:1      | Reached XP level 1. HP: 20/20 MP: 1/1
    41 | D:2      | Noticed Sigmund
    49 | D:2      | Mangled by Sigmund

Levels and vault maps discovered:
D:1:      erik_arrival_blinker_ship, layout_basic
D:2:      layout_basic, uniq_sigmund

Action                   || total
-------------------------++-------
Melee: War axe           ||    10
Armor: Scale mail        ||     3
Dodge: Dodged            ||     6
Block: Kite shield       ||     3

Table legend:
 A = Non-vault XP
 B = Vault XP
 C = Vault XP percentage of total XP
 D = Non-vault monster count
 E = Vault monster count
 F = Vault count percentage of total count
                 A         B        C        D         E       F
            +---------+---------+-------+---------+---------+-------
      Total |       4 |       0 |   0.0 |       2 |       0 |   0.0
            +---------+---------+-------+---------+---------+-------
        D:1 |       4 |       0 |   0.0 |       2 |       0 |   0.0
            +---------+---------+-------+---------+---------+-------
